 Dungeon Crawl Stone Soup version 0.29.1-12-g30fa7ad0bf (webtiles) character file.

Game seed: 9469988222099594818

1559 BallerZ the Trooper (level 8, -9/64 HPs)
             Began as a Vampire Cinder Acolyte on Dec 19, 2022.
             Was a High Priest of Ignis.
             Mangled by an ogre
             ... wielding a +0 giant club
              (19 damage)
             ... on level 6 of the Dungeon on Dec 20, 2022.
             The game lasted 00:54:59 (5330 turns).

BallerZ the Trooper (Vampire Cinder Acolyte)        Turns: 5330, Time: 00:55:00

Health: -9/64      AC: 12    Str: 15    XL:     8   Next: 58%
Magic:  0/9        EV:  4    Int: 16    God:    Ignis [*****.]
Gold:   313        SH:  3    Dex: 10    Spells: 9/9 levels left

rFire   + . .      SeeInvis +   g - +0 long sword
rCold   . . .      Faith    .   c - +0 buckler
rNeg    . . .      Spirit   +   a - +1 plate armour
rPois   .          Reflect  .   (no helmet)
rElec   .          Harm     .   (no cloak)
rCorr   .          Rampage  .   (no gloves)
Will    .....                   (no boots)
Stlth   ..........              p - amulet of guardian spirit
HPRegen 0.40/turn               (no ring)
MPRegen 0.11/turn               (no ring)

@: healing quickly
A: alive, fangs 3, see invisible, vampiric 2
a: Exsanguinate, Renounce Religion, Fiery Armour, Foxfire Swarm, Rising Flame


You were on level 6 of the Dungeon.
You worshipped Ignis.
Ignis was extremely pleased with you.
You visited 1 branch of the dungeon, and saw 6 of its levels.

You collected 313 gold pieces.

Inventory:

Hand Weapons
 f - a +2 dagger of speed
 g - a +0 long sword (weapon)
Armour
 a - a +1 plate armour (worn)
 c - a +0 buckler (worn)
 o - a +0 robe of willpower
Jewellery
 p - an amulet of guardian spirit (around neck)
Scrolls
 h - a scroll of blinking
 m - 3 scrolls of amnesia
 r - a scroll of poison
 s - a scroll of immolation
Potions
 b - a potion of attraction
 d - a potion of curing
 e - a potion of resistance
 i - a potion of might
 j - a potion of degeneration {unknown}
 l - a potion of lignification
 n - a potion of brilliance {unknown}
 q - 2 potions of mutation


   Skills:
 * Level 5.7 Fighting
 - Level 4.2 Short Blades
 * Level 0.2(2.3) Long Blades
 * Level 0.2(3.4) Axes
 - Level 5.1 Maces & Flails
 * Level 0.1(3.1) Staves
 - Level 2.4 Armour
 * Level 3.6 Dodging
 * Level 4.9 Stealth
 - Level 0.4 Shields
 - Level 1.0 Spellcasting
 - Level 2.8 Fire Magic


You had 9 spell levels left.
You didn't know any spells.
Your spell library contained the following spells:

 Spells                   Type           Power      Damage    Failure   Level
 Poisonous Vapours        Pois/Air       0%         N/A       100%        2
 Scorch                   Fire           18%        2d6       100%        2
 Sublimation of Blood     Necr           0%         N/A       100%        2
 Corpse Rot               Necr/Pois/Air  0%         N/A       100%        4
 Petrify                  Tmut/Erth      0%         N/A       100%        4
 Irradiate                Conj/Tmut      0%         3d11      100%        5


Dungeon Overview and Level Annotations

Branches:
Dungeon (6/15)
 Temple: D:4-7

Altars:

Annotations:
D:3 Grinder


Innate Abilities, Weirdness & Mutations

Your natural rate of healing is accelerated.
You have razor-sharp teeth.
You have supernaturally acute eyesight. (SInv)
You are afflicted with vampirism and can become a bat while bloodless.


Message History

The scorpion is severely wounded.
The scorpion stings you but does no damage. x2
You hit the scorpion.
The scorpion is almost dead.
You block the scorpion's attack.
You slash the scorpion!
You kill the scorpion!
You now have 313 gold pieces (gained 19).
j - a green potion You see here a +0 ring mail.
Found 6 stones.
You see here 6 stones.
You open the door.
An ogre comes into view. It is wielding a +0 giant club.
The ogre shouts!
You block the ogre's attack.
You hit the ogre.
The ogre is moderately wounded.
The ogre barely misses you.
You barely miss the ogre. You bite the ogre.
The ogre is moderately wounded.
The ogre hits you with a +0 giant club!
You closely miss the ogre.
The ogre is moderately wounded.
The ogre hits you with a +0 giant club!
You barely miss the ogre.
The ogre is moderately wounded.
The ogre hits you with a +0 giant club!
You hit the ogre. You bite the ogre.
The ogre is heavily wounded.
The ogre hits you with a +0 giant club!!
* * * LOW HITPOINT WARNING * * *
Blink to where?
Press: ? - help, Dir - move target, f - ogre
Aim: an ogre, wielding a +0 giant club (heavily wounded)
Okay, then.
You hit the ogre.
The ogre is heavily wounded.
The ogre hits you with a +0 giant club!!
You die...

#... #.# #.
...## #.# #.
#...###.## #.
#.......### #.
#.....(...####.
###...###......
#+#..##.##
######.
+.O...#.# #.
#@##.##.# #.
#.#.###..# #.
...#.....## #.
##.###...## #>
.........# #.
#...#####....
## ### ####


You could see an ogre.

Vanquished Creatures
  Pikel (D:5)
  Prince Ribbit (D:5)
  A water moccasin (D:4)
  A black bear (D:5)
  An ice beast (D:5)
  A phantom (D:5)
  A lemure (D:5)
  Blork the orc (D:5)
  2 scorpions
  A howler monkey (D:5)
  A hound (D:5)
  An iguana (D:4)
  7 gnolls (D:5)
  8 adders
  2 shadow imps (D:5)
  A white imp (D:5)
  A worm (D:2)
  2 dart slugs
  4 orcs
  7 bats
  7 endoplasms
  4 giant cockroaches
  9 goblins
  7 hobgoblins
  9 jackals
  3 quokkas
  6 ball pythons
  5 frilled lizards
  11 kobolds
  5 rats
111 creatures vanquished.

Notes
Turn   | Place    | Note
-------+----------+-------------------------------------------
     0 | D:1      | BallerZ the Vampire Cinder Acolyte began the quest for the
                  | Orb.
     0 | D:1      | Reached XP level 1. HP: 17/17 MP: 2/2
   212 | D:1      | You fall into a shaft and drop 1 floor!
   336 | D:1      | Reached XP level 2. HP: 21/23 MP: 3/3
   735 | D:1      | HP: 1/23 [poisoned by a goblin]
  1031 | D:1      | Gained mutation: You are afflicted with vampirism and can
                  | become a bat while bloodless. [Vampire growth]
  1031 | D:1      | Reached XP level 3. HP: 19/28 MP: 4/4
  1035 | D:1      | Found a faded altar of an unknown god.
  1383 | D:2      | Reached skill level 1 in Dodging
  1807 | D:2      | Reached skill level 1 in Armour
  1997 | D:3      | Noticed Grinder
  2049 | D:2      | HP: 1/29 [poisoned by a kobold]
  2274 | D:3      | Reached XP level 4. HP: 35/35 MP: 5/5
  2915 | D:3      | Identified the +4 morningstar "Hofon" {speed, Fragile Str+3
                  | Int+5}
  3344 | D:4      | Reached XP level 5. HP: 37/41 MP: 3/6
  3696 | D:4      | Reached skill level 1 in Maces & Flails
  3878 | D:4      | Noticed a water moccasin
  3900 | D:4      | Killed a water moccasin
  3901 | D:4      | Reached XP level 6. HP: 37/48 MP: 5/7
  4147 | D:5      | Entered Level 5 of the Dungeon
  4376 | D:5      | Reached skill level 1 in Stealth
  4376 | D:5      | Reached XP level 7. HP: 51/55 MP: 8/8
  4583 | D:5      | Noticed Prince Ribbit
  4615 | D:5      | Killed Prince Ribbit
  4616 | D:5      | Reached skill level 5 in Fighting
  4800 | D:5      | Noticed Blork the orc
  4821 | D:5      | Killed Blork the orc
  5008 | D:5      | Reached XP level 8. HP: 46/62 MP: 7/9
  5026 | D:5      | Noticed Pikel
  5065 | D:5      | Killed Pikel
  5066 | D:5      | Reached skill level 5 in Maces & Flails
  5330 | D:6      | Mangled by an ogre

Illustrated notes

Levels and vault maps discovered:
D:1:      onia_arrival_pyramid, layout_loops_ring,
          shapermc_ecumenical_altar_notcrosses, minmay_crystal_room,
          minmay_bisected
D:2:      layout_basic
D:3:      layout_loops_ring, nrook_mini_vaults, feat_on_display, uniq_grinder
D:4:      layout_loops_ring, kennysheep_potato
D:5:      minmay_angry_zag, layout_loops_ring, uniq_prince_ribbit1,
          uniq_blork_the_orc, uniq_pikel
D:6:      layout_rooms, kennysheep_vampire_church, nemelex_dance_club_becter

Skill      XL: |  1  2  3  4  5  6  7  8 |
---------------+-------------------------+-----
Dodging        | 1 2 3 |  3.6
Armour         | 1 2 |  2.4
Fighting       | 3 4 5 |  5.7
Short Blades   | 4 |  4.2
Maces & Flails | 1 2 4 5 |  5.1
Stealth        | 1 3 4 |  4.9
Long Blades    | |  0.2
Axes           | |  0.2
Staves         | |  0.1
Shields        | |  0.4
Spellcasting   | |  1.0
Fire Magic     | |  2.8

Action                   |  1- 3 |  4- 6 |  7- 9 || total
-------------------------+-------+-------+-------++-------
Melee: Short sword       |   119 |       |       ||   119
       Bite              |    18 |    18 |    13 ||    49
       Dagger            |   103 |    31 |       ||   134
       Morningstar       |       |   135 |    86 ||   221
       Long sword        |       |       |    13 ||    13
  Use: Potion            |     3 |       |     1 ||     4
       Scroll            |    13 |     4 |     2 ||    19
Armor: Leather armour    |    19 |       |       ||    19
       Robe              |     3 |       |       ||     3
       Ring mail         |    27 |       |       ||    27
       Plate armour      |    25 |   111 |    40 ||   176
Dodge: Dodged            |    85 |    35 |    15 ||   135
Block: Buckler           |    22 |    25 |     9 ||    56
